Map: Ulrena

Players

Wolfie - Winner!

  • Race: Terran Terran
  • League: Silver

PackoJIac

  • Race: Terran Terran

VOD

Have the link to the VOD?

Description

Time

  • Played on: Dec. 8, 2015, 8:34 a.m.
  • Length: 9:56
Show
View Real Time Build Order
Export as new Build Order

Wolfie Terran - Winner!

Build Orders:  

Get SALT Encoding   

  12  0:00  SCV  
  13  0:12  SCV  
  14  0:18  Supply Depot  
  14  0:25  SCV  
  15  0:39  SCV  
  15  0:41  Barracks  
  16  0:50  Engineering Bay  
  16  0:53  SCV  
  17  1:05  SCV  
  18  1:17  SCV  
  19  1:18  Barracks  
  19  1:23  Refinery  
  19  1:29  SCV, Marine  
  21  1:38  Refinery  
  21  1:43  SCV  
  22  1:50  Marine  
  23  2:03  Orbital Command  
  23  2:07  Supply Depot  
  23  2:24  Terran Infantry Armor Level 1  
  23  2:28  Marine x2  
  23  2:29  SCV  
  26  2:41  SCV, Engineering Bay  
  27  2:46  Marine x2  
  29  2:52  Barracks  
  29  2:55  SCV  
  30  3:02  Barracks  
  30  3:04  Marine  
  31  3:12  Supply Depot x2  
  31  3:23  Terran Infantry Weapons Level 1  
  31  3:33  SCV, Marine  
  33  3:45  SCV  
  34  3:48  Marine x2  
  36  3:57  Factory  
  36  4:00  Factory  
  36  4:05  Supply Depot  
  36  4:07  Supply Depot  
  36  4:10  Marine x3  
  37  4:28  Marine x3  
  35  4:46  Marine x3  
  35  5:18  Command Center  
  35  5:22  Barracks x2  
  35  5:31  Marine x3  
  38  5:47  Starport  
  38  5:49  Marine x2  
  40  6:02  SCV  
  41  6:14  SCV  
  42  6:34  Marine  
  42  6:35  Marine x5  
  48  6:42  Medivac  
  48  6:43  Starport  
  48  6:45  SCV  
  51  6:52  Marine x3  
  54  7:12  Starport Reactor  
  54  7:18  Marine  
  54  7:19  Marine x5  
  60  7:25  Starport Reactor  
  60  7:36  Marine  
  60  7:37  Marine x5  
  66  7:49  Medivac  
  66  7:50  Medivac  
  70  7:54  Marine x2  
  70  7:56  Marine  
  70  7:57  Marine x3  
  76  8:03  Medivac  
  78  8:07  Supply Depot  
  78  8:09  Supply Depot  
  78  8:10  Supply Depot  
  78  8:28  Medivac  
  78  8:29  SCV  
  81  8:38  Marine x2  
  81  8:39  Marine  
  81  8:40  Marine x2  
  81  8:41  SCV  
  83  8:53  SCV, Marine  
  82  8:58  Marine  
  82  8:59  Viking  
  83  9:05  SCV  
  80  9:16  Marine  
  79  9:17  SCV  
  78  9:24  Marine  
  78  9:25  Marine x4  
  78  9:29  SCV  
  83  9:34  Marine  
Show
View Real Time Build Order
Export as new Build Order

PackoJIac Terran 

Build Orders: MMM Bio 

Get SALT Encoding   

  12  0:01  SCV  
  13  0:13  Supply Depot  
  13  0:18  SCV  
  14  0:30  SCV, Refinery  
  15  0:42  SCV  
  16  0:54  SCV  
  17  1:01  Barracks  
  17  1:06  SCV  
  17  1:09  Barracks  
  18  1:18  SCV  
  19  1:34  SCV  
  20  1:46  SCV  
  21  1:49  Supply Depot  
  21  1:59  Bunker  
  21  2:01  Barracks Reactor, Marine  
  22  2:11  Refinery  
  22  2:12  Engineering Bay  
  22  2:16  Orbital Command  
  22  2:19  Marine  
  23  2:28  Supply Depot  
  23  2:37  Marine  
  23  2:38  Reaper x2  
  26  2:52  Supply Depot  
  26  2:57  Barracks Tech Lab  
  26  2:59  Terran Infantry Weapons Level 1  
  26  3:01  SCV  
  27  3:16  Command Center  
  27  3:22  Combat Shields  
  27  3:31  Missile Turret  
  25  4:05  Marine x2  
  27  4:18  Missile Turret  
  27  4:21  Missile Turret  
  27  4:22  Marine  
  27  4:23  Marine  
  29  5:31  Factory  
  29  5:35  Terran Infantry Armor Level 1  
  29  5:42  Missile Turret  
  29  5:46  Missile Turret  
  29  5:51  Stimpack  
  29  5:54  Marauder  
  31  6:15  Marauder  
  33  6:19  Starport  
  33  6:32  Factory Tech Lab  
  33  6:33  Marine x2  
  35  6:57  Starport  
  35  7:07  Siege Tank  
  38  7:38  Medivac x2  
  38  7:40  Siege Tank  
  45  7:52  Concussive Shells  
  45  7:53  Medivac  
  47  8:05  Armory  
  47  8:12  Siege Tank  
  50  8:23  Medivac  
Tags
 
Composition
MMM Bio
League
Silver
Matchup
TvT
Race
Terran
Add a new tag
Caveats
  • Supply blocks, unpowered buildings, or Contaminate may cause inaccurate times.
  • Supply counts are checked every 10 seconds.